 Dungeon Crawl Stone Soup version 0.16.1-11-g651b585 (webtiles) character file.

1089 jacksonaction the Ducker (level 8, -5/52 HPs)
             Began as an Octopode Fighter on Apr 6, 2015.
             Slain by an ice beast (11 damage)
             ... on level 6 of the Dungeon.
             The game lasted 00:24:57 (6727 turns).

jacksonaction the Ducker (Octopode Fighter)         Turns: 6727, Time: 00:24:57

Health: -5/52      AC:  3    Str: 18    XL:     8   Next: 31%
Magic:  8/8        EV: 11    Int: 10    God:
Gold:   255        SH: 15    Dex: 14    Spells: 0 memorised, 7 levels left

rFire  . . .     SeeInvis +     x - +0 trident
rCold  . . .     Clarity  .     i - +0 large shield
rNeg   + . .     SustAb   +     (helmet restricted)
rPois  .         Gourm    .     l - amulet of resist mutation
rElec  .         Spirit   .     g - ring of see invisible
rCorr  .         Warding  .     h - +3 ring of strength
rMut   +         Stasis   .     r - ring of sustain abilities
MR     .....                    c - +2 ring of protection
Stlth  ++........               (no ring)
                                G - ring of positive energy
                                (no ring)
                                (no ring)

@: not resistant to hostile enchantments, unstealthy
A: almost no armour, amphibious, 8 rings, constrict 8, camouflage 1, gelatinous
body 1
a: no special abilities


You were on level 6 of the Dungeon.
You were not hungry.

You visited 1 branch of the dungeon, and saw 6 of its levels.

You collected 255 gold pieces.

Inventory:

Hand weapons
 x - a +0 trident (weapon)
 F - a +0 trident
Missiles
 m - 211 stones (quivered)
 n - 9 poisoned needles
 w - 3 tomahawks
Armour
 i - a +0 large shield (worn)
Jewellery
 c - a +2 ring of protection (on tentacle)
 g - a ring of see invisible (left tentacle)
 h - a +3 ring of strength (right tentacle)
 l - an amulet of resist mutation (around mantle)
 r - a ring of sustain abilities (on tentacle)
 G - a ring of positive energy (on tentacle)
Magical devices
 B - a wand of fire (8)
Scrolls
 a - a scroll of acquirement {unknown}
 b - 2 scrolls of fog {unknown}
 f - 6 scrolls of teleportation
 k - 2 scrolls of immolation {unknown}
 o - 3 scrolls of identify {unknown}
 p - a scroll of amnesia {unknown}
 t - 2 scrolls of remove curse
 v - 2 scrolls of random uselessness {unknown}
 y - 6 scrolls of recharging
 D - 2 scrolls of magic mapping {unknown}
 E - a scroll of noise {unknown}
Potions
 e - 2 potions of curing {unknown}
 j - a potion of agility {unknown}
 s - a potion of poison {unknown}
 z - a potion of heal wounds {unknown}
 C - a potion of invisibility
Comestibles
 d - 4 bread rations
 q - 3 meat rations
 A - 2 slices of pizza


   Skills:
 - Level 3.0 Fighting
 + Level 6.0 Polearms
 - Level 6.2 Dodging
 - Level 6.1 Shields


You had 7 spell levels left.
You didn't know any spells.

Dungeon Overview and Level Annotations

Branches:
Dungeon (6/15)
 Temple: D:4-7

Altars:
Elyvilon
Kikubaaqudgha
Nemelex Xobeh
Qazlal
Yredelemnul

Shops:
D:4 :


Innate Abilities, Weirdness & Mutations

You cannot wear most types of armour.
You are amphibious.
You can wear up to eight rings at the same time.
You can use your tentacles to constrict many enemies at once.
Your skin changes colour to match your surroundings (Stealth).
Your rubbery body absorbs attacks (AC +1).


Message History

You block the ice beast's attack.
You closely miss the ice beast.
The ice beast is heavily wounded.
The ice beast barely misses you.
You hit the ice beast. You squeeze the ice beast!
The ice beast is almost dead.
The ice beast hits you. The ice beast freezes you.
You barely miss the ice beast.
The ice beast is severely wounded.
The ice beast hits you. The ice beast freezes you!
* * * LOW HITPOINT WARNING * * *
You barely miss the ice beast. Your squeeze misses the ice beast.
The ice beast is severely wounded.
You block the ice beast's attack.
You hit the ice beast but do no damage. Your squeeze misses the ice beast.
The ice beast is severely wounded.
The ice beast hits you.
* * * LOW HITPOINT WARNING * * *
The ice beast freezes you!
You die...

. #.## .. > #..## ##.# .
##...## #..
.###..#..#####.#
..##........##.####
#...<............... .
...............#### ...
#............#.####.....(
#...#...........@Yh(...(.
....##.....#...#######...
.....#.....#.....#
.........#.....#.#
...##.##...........
...##..##......#....
.#####.##.####.##.#.. >
..#.# #.. .. . #...# ###
.


You could see an ice beast and a jackal.

Vanquished Creatures
  Grinder (D:4)
  An ice beast (D:5)
  2 ogres (D:5)
  Sigmund (D:6)
  A scorpion (D:6)
  2 crimson imps (D:5)
  A hound (D:4)
  A centaur skeleton (D:3)
  4 worker ants
  Natasha (thrice) (D:3)
  A hound zombie (D:6)
  Robin (D:3)
  6 adders
  2 shadow imps
  3 giant mites
  2 worms
  An adder zombie (D:3)
  3 adder skeletons
  4 giant geckos
  An ooze (D:3)
  8 orcs
  3 ball pythons
  15 goblins
  10 hobgoblins
  7 jackals
  8 kobolds
  3 quokkas
  6 bats
  3 giant cockroaches
  3 giant newts
  A hobgoblin skeleton (D:6)
  A jackal skeleton (D:6)
  A jackal zombie (D:3)
  An orc zombie (D:6)
  10 rats
121 creatures vanquished.

Notes
Turn   | Place    | Note
--------------------------------------------------------------
     0 | D:1      | jacksonaction, the Octopode Fighter, began the quest for the Orb.
     0 | D:1      | Reached XP level 1. HP: 16/16 MP: 1/1
    10 | D:1      | Noticed an ogre
   460 | D:1      | Found a sparkling altar of Nemelex Xobeh.
   822 | D:1      | Reached XP level 2. HP: 18/21 MP: 2/2
  1286 | D:2      | Reached XP level 3. HP: 26/26 MP: 3/3
  1509 | D:2      | Found an ancient bone altar of Kikubaaqudgha.
  1760 | D:2      | Reached skill level 4 in Polearms
  1895 | D:2      | Reached XP level 4. HP: 26/31 MP: 4/4
  2029 | D:3      | Found a stormy altar of Qazlal.
  2451 | D:3      | Noticed Natasha
  2496 | D:3      | Killed Natasha
  2548 | D:3      | Reached skill level 5 in Polearms
  2548 | D:3      | Reached XP level 5. HP: 24/36 MP: 5/5
  2756 | D:3      | Noticed Robin
  2773 | D:3      | Killed Robin
  2877 | D:3      | Noticed Natasha
  2990 | D:3      | Killed Natasha
  3013 | D:3      | Noticed Natasha
  3018 | D:3      | Killed Natasha
  4112 | D:4      | Reached skill level 6 in Polearms
  4142 | D:4      | Reached XP level 6. HP: 28/42 MP: 6/6
  4349 | D:4      | Found Muun's Book Shop.
  4539 | D:4      | Found a white marble altar of Elyvilon.
  4633 | D:4      | Found a basalt altar of Yredelemnul.
  4701 | D:4      | Got a brightly glowing ivory ring
  4703 | D:4      | Identified the ring of Agnosticism {Str+3 Stlth-} (You found it on level 4 of the Dungeon)
  4812 | D:4      | Noticed Grinder
  4822 | D:4      | Killed Grinder
  4822 | D:4      | Reached skill level 5 in Shields
  4822 | D:4      | Reached XP level 7. HP: 19/46 MP: 7/7
  5213 | D:5      | Entered Level 5 of the Dungeon
  5925 | D:5      | Reached XP level 8. HP: 45/52 MP: 8/8
  5968 | D:5      | Reached skill level 5 in Dodging
  6041 | D:5      | Found a sparkling altar of Nemelex Xobeh.
  6701 | D:6      | Noticed Sigmund
  6716 | D:6      | Killed Sigmund
  6727 | D:6      | Slain by an ice beast

Action                   |  1- 3 |  4- 6 |  7- 9 || total
-------------------------+-------+-------+-------++-------
Melee: Trident           |    70 |   161 |   109 ||   340
Throw: Stone             |    11 |    61 |    28 ||   100
  Use: Potion            |       |     1 |       ||     1
       Scroll            |       |     3 |       ||     3
 Stab: Sleeping          |     3 |     2 |       ||     5
  Eat: Chunk             |     3 |     9 |     6 ||    18
